 Dungeon Crawl Stone Soup version 0.22-a0-848-ge9e22a0 (webtiles) character file.

40 Amnesiac the Magician (level 3, -2/24 HPs)
             Began as a Mummy Earth Elementalist on July 26, 2018.
             Slain by an adder (4 damage)
             ... on level 2 of the Dungeon.
             The game lasted 00:03:06 (1511 turns).

Amnesiac the Magician (Mummy Earth Elementalist)    Turns: 1511, Time: 00:03:06

Health: -2/24      AC:  8    Str: 11    XL:     3   Next: 30%
Magic:  7/7        EV:  0    Int: 15    God:
Gold:   75         SH:  9    Dex: 12    Spells: 5/8 levels left

rFire    x . .     SeeInvis .   d - +0 mace
rCold    + . .     Gourm    .   e - +0 large shield
rNeg     + + +     Faith    .   f - +0 chain mail
rPois    ∞         Spirit   .   (no helmet)
rElec    .         Reflect  .   (no cloak)
rCorr    .         Harm     .   (no gloves)
MR       .....                  (no boots)
Stlth    ..........             (no amulet)
HPRegen  0.08/turn              (no ring)
MPRegen  0.10/turn              (no ring)

@: no status effects
A: no food or potions, fire vulnerability, cold resistance 1, negative energy
resistance 3, torment resistance, unbreathing
a: no special abilities


You were on level 2 of the Dungeon.
You were not hungry.

You visited 1 branch of the dungeon, and saw 2 of its levels.

You collected 75 gold pieces.

Inventory:

Hand Weapons
 d - a +0 mace (weapon)
Missiles
 b - 33 stones (quivered)
Armour
 e - a +0 large shield (worn)
 f - a +0 chain mail (worn)
Scrolls
 h - a scroll of identify {!r, unknown}


   Skills:
 - Level 1.5 Dodging
 - Level 1.5 Stealth
 + Level 3.3 Spellcasting
 - Level 0.7 Transmutations
 * Level 3.3 Earth Magic


You had 5 spell levels left.
You knew the following spells:

 Your Spells              Type           Power        Failure   Level  Hunger
a - Sandblast             Erth           ##....       100%        1    N/A
b - Passwall              Tmut/Erth      #.......     100%        2    N/A

Your spell library contained the following spells:

 Spells                   Type           Power        Failure   Level  Hunger
 Stone Arrow              Conj/Erth      #.....       100%        3    N/A
 Lee's Rapid Deconstruct  Erth           ##........   100%        5    N/A
 Petrify                  Tmut/Erth      #.......     100%        4    N/A

Dungeon Overview and Level Annotations

Branches:
Dungeon (2/15)

Altars:

Annotations:
D:2 1 runed door, Sigmund


Innate Abilities, Weirdness & Mutations

You do not eat or drink.
Your flesh is vulnerable to fire.
You are immune to poison.
Your flesh is cold resistant. (rC+)
You are immune to negative energy. (rN+++)
You are immune to unholy pain and torment.
You can survive without breathing.


Message History

You climb upwards.
There is a stone staircase leading down here.
Wear which item? (? for menu, Esc to quit)
Okay, then.
You aren't carrying any pieces of jewellery.
Unknown command.
Wear which item? (? for menu, Esc to quit)
Okay, then.
Search for what [? for help]? robe Unknown command.
Search for what [Enter for "robe", or ? for help]? leath Can't find anything matching that.
Things that are here:
a giant cockroach corpse; a leopard gecko skeleton You see here a quokka corpse.
HP restored.
There is an escape hatch in the floor here.
You slide downwards.
The hatch slams shut behind you.
Level annotation: 1 runed door, Sigmund An adder, a worm and a kobold come into view.
The kobold shouts!
The adder hisses angrily.
You hear a shout! x2
The kobold throws a stone.
You block the stone.
A hobgoblin comes into view. It is wielding a club.
Found a ration.
You see here a stone.
A hobgoblin comes into view. It is wielding a club.
The kobold throws a stone.
You block the stone.
You see here a stone.
You block the adder's attack.
The kobold throws a stone.
The stone hits you but does no damage. The adder bites you.
You see here a stone.
The kobold hits you but does no damage.
You open the door. You block the kobold's attack.
You block the hobgoblin's attack. The adder bites you.
Found 10 gold pieces.
A bat comes into view.
The kobold hits you. The hobgoblin hits you with a club.
The bat hits you but does no damage.
There is an open door here.
You completely miss the bat. You block the bat's attack. The bat hits you.
The adder bites you.
* * * LOW HITPOINT WARNING * * *
The kobold hits you but does no damage. The hobgoblin hits you with a club.
* * * LOW HITPOINT WARNING * * *
The bat hits you but does no damage. You block the adder's attack.
The kobold hits you.
* * * LOW HITPOINT WARNING * * *
The hobgoblin hits you but does no damage.
The bat hits you but does no damage. The adder bites you but does no damage.
Your shield and chain mail prevent you from hitting the bat.
You block the bat's attack. The bat hits you but does no damage.
The adder bites you but does no damage. You block the kobold's attack.
The hobgoblin hits you with a club.
* * * LOW HITPOINT WARNING * * *
The adder bites you but does no damage. The kobold hits you but does no damage.
Your shield and chain mail prevent you from hitting the bat.
You block the bat's attack. You block the adder's attack.
The hobgoblin hits you but does no damage.
The kobold hits you but does no damage. The adder bites you.
* * * LOW HITPOINT WARNING * * *
The hobgoblin completely misses you. You block the kobold's attack.
You block the bat's attack. The bat hits you but does no damage.
You block the bat's attack. The adder bites you.
You die...

.. .. #/##'#
.. #.....
.########
#..@..
.........
.....
........#
#....
#.......#
#....
#####g..%...#
#....
#.b@SK......#
#....
#.###gw.....#
##<## ..
#(......# ###
## #(......#
#(......#
#.......#
#########


You could see a worm, an adder, 2 hobgoblins, a bat and a kobold.

Vanquished Creatures
  An ooze (D:2)
  A leopard gecko (D:1)
  2 ball pythons (D:1)
  4 bats (D:1)
  3 giant cockroaches (D:1)
  8 goblins (D:1)
  2 hobgoblins
  2 jackals
  2 kobolds
  A quokka (D:1)
  3 frilled lizards (D:1)
29 creatures vanquished.

Notes
Turn   | Place    | Note
-------+----------+-------------------------------------------
     0 | D:1      | Amnesiac the Mummy Earth Elementalist began the quest for the Orb.
     0 | D:1      | Reached XP level 1. HP: 13/13 MP: 4/4
   220 | D:2      | Found a runed door.
   244 | D:2      | Noticed Sigmund
   459 | D:1      | Reached XP level 2. HP: 13/19 MP: 5/5
   470 | D:1      | Learned a level 2 spell: Passwall
  1041 | D:1      | Reached XP level 3. HP: 6/24 MP: 7/7
  1511 | D:2      | Slain by an adder

Vault maps used:
D:1:      ebering_trefoil_twist, minivault_4, item_on_display_a
D:2:      nicolae_gozag_cash_rules_everything_around_me,
          uniq_crazy_yiuf_cottage, uniq_sigmund, uniq_jessica

Skill      XL: |  1  2 |
---------------+-------+-----
Spellcasting   | 3 |  3.3
Earth Magic    | 3 |  3.3
Dodging        | |  1.5
Stealth        | |  1.5
Transmutations | |  0.7

Action                   || total
-------------------------++-------
Melee: Mace              ||   181
  Use: Scroll            ||     3
Armor: Chain mail        ||   217
Dodge: Dodged            ||     7
Block: Large shield      ||   142

Table legend:
 A = Spawn XP
 B = Non-spawn XP
 C = Spawn XP percentage of total XP
 D = Spawn monster count
 E = Non-spawn monster count
 F = Spawn count percentage of total count
 G = Total turns spent on level
                    A         B        C        D         E        F      G
               +---------+---------+-------+---------+---------+-------+---------
         Total |       0 |      58 |   0.0 |       0 |      29 |   0.0 |  1511
               +---------+---------+-------+---------+---------+-------+---------
           D:1 |       0 |      45 |   0.0 |       0 |      25 |   0.0 |  1394
           D:2 |       0 |      13 |   0.0 |       0 |       4 |   0.0 |   117
               +---------+---------+-------+---------+---------+-------+---------
